 Dungeon Crawl Stone Soup version 0.29-a0-553-g81b289dbe5 (webtiles) character file.

Game seed: 7099618827492907211

611 grumblor the Skirmisher (level 7, -1/60 HPs)
             Began as a Mummy Fighter on June 6, 2022.
             Slain by an ogre
             ... wielding a +0 giant club
              (32 damage)
             ... on level 5 of the Dungeon.
             The game lasted 00:06:48 (3719 turns).

grumblor the Skirmisher (Mummy Fighter)             Turns: 3719, Time: 00:06:48

Health: -1/60      AC: 11    Str: 22    XL:     7   Next: 20%
Magic:  7/7        EV:  7    Int:  7    God:
Gold:   177        SH:  4    Dex: 11    Spells: 6/6 levels left

rFire   x . .      SeeInvis .   a - +0 war axe (freeze)
rCold   + . .      Faith    .   c - +0 buckler
rNeg    + + +      Spirit   .   e - +0 chain mail
rPois   ∞          Reflect  .   h - +0 helmet
rElec   .          Harm     .   (no cloak)
rCorr   .          Rampage  .   (no gloves)
Will    .....                   f - +0 pair of boots
Stlth   ..........              (no amulet)
HPRegen 0.20/turn               (no ring)
MPRegen 0.10/turn               (no ring)

@: no status effects
A: cold resistance 1, negative energy resistance 3, torment resistance 2, heat
vulnerability 1, in touch with death 1, no potions
a: no special abilities


You were on level 5 of the Dungeon.
You visited 1 branch of the dungeon, and saw 5 of its levels.

You collected 177 gold pieces.

Inventory:

Hand Weapons
 a - a +0 war axe of freezing (weapon)
Missiles
 b - 5 poisoned darts (quivered)
 g - 2 boomerangs
Armour
 c - a +0 buckler (worn)
 e - a +0 chain mail (worn)
 f - a +0 pair of boots (worn)
 h - a +0 helmet (worn)
Scrolls
 d - 2 scrolls of poison
 i - a scroll of fog {unknown}


   Skills:
 * Level 7.1 Fighting
 - Level 4.0 Axes
 - Level 2.4 Armour
 - Level 2.4 Shields


You had 6 spell levels left.
You didn't know any spells.
Your spell library contained the following spells:

 Spells                   Type           Power      Damage    Failure   Level
 Magic Dart               Conj           0%         1d3       99%         1
 Searing Ray              Conj           0%         2d4       100%        2
 Gell's Gravitas          Tloc           0%         N/A       100%        3
 Lesser Beckoning         Tloc           0%         N/A       100%        3
 Teleport Other           Tloc           0%         N/A       100%        3
 Fulminant Prism          Conj/Hex       0%         3d6       100%        4


Dungeon Overview and Level Annotations

Branches:
Dungeon (5/15)
 Temple: D:4-7

Altars:
Okawaru

Shops:
D:2 :


Innate Abilities, Weirdness & Mutations

You are immune to poison.
Your flesh is cold resistant. (rC+)
You are immune to negative energy. (rN+++)
You are immune to unholy pain and torment.
You are vulnerable to heat. (rF-)
You are in touch with the powers of death.
You do not drink.


Message History

Found 4 gold pieces.
There is a stone staircase leading up here.
You now have 177 gold pieces (gained 4).
A scorpion comes into view.
The scorpion stings you but does no damage.
You barely miss the scorpion. The scorpion stings you.
You block the scorpion's attack.
You slash the scorpion! You freeze the scorpion.
The scorpion is heavily wounded.
The scorpion barely misses you.
You slash the scorpion! You freeze the scorpion.
You kill the scorpion!
Your Fighting skill increases to level 7!
No target in view!
No target in view!
No target in view!
HP restored.
An ogre comes into view. It is wielding a +0 giant club.
Found an escape hatch in the floor.
The ogre shouts!
You throw a poisoned dart. The poisoned dart hits the ogre.
The ogre is poisoned.
You throw a poisoned dart. The poisoned dart hits the ogre.
The ogre looks even sicker.
The ogre is lightly wounded.
You throw a poisoned dart. The poisoned dart hits the ogre.
The ogre looks even sicker.
The ogre is lightly wounded.
The ogre hits you with a +0 giant club!
You barely miss the ogre.
The ogre is moderately wounded.
An iguana comes into view.
You slash the ogre! You freeze the ogre.
The ogre is severely wounded.
The ogre hits you with a +0 giant club!
You barely miss the ogre.
The ogre is severely wounded.
The ogre hits you with a +0 giant club!!
Ouch! That really hurt!
You die...

..........
..........
.........#
>........ .......#
.....# #
#+#..##.###..
######.#..@O.((l..
..........###.##..
######.#..# #.#..#
#....# ###.##
..#.# ### #.#.#
#.# #.#.#


You could see an ogre (very poisoned) and an iguana.

Vanquished Creatures
  Menkaure (D:4)
  A phantom (D:3)
  A necrophage (D:4)
  2 scorpions
  A hound (D:4)
  A jelly (D:4)
  An iguana (D:4)
  An orc wizard (D:3)
  3 adders
  2 worms
  4 dart slugs
  7 orcs
  5 ball pythons
  8 endoplasms
  4 giant cockroaches
  9 goblins
  7 hobgoblins
  4 jackals (D:2)
  8 kobolds
  4 quokkas
  5 bats
  2 frilled lizards
  8 rats
89 creatures vanquished.

Notes
Turn   | Place    | Note
-------+----------+-------------------------------------------
     0 | D:1      | grumblor the Mummy Fighter began the quest for the Orb.
     0 | D:1      | Reached XP level 1. HP: 18/18 MP: 1/1
   215 | D:1      | Reached XP level 2. HP: 24/24 MP: 2/2
   667 | D:1      | Gained mutation: You are in touch with the powers of death.
                  | [Mummy growth]
   667 | D:1      | Reached XP level 3. HP: 30/30 MP: 3/3
  1029 | D:2      | Found Risumn's Book Emporium.
  1037 | D:2      | Reached skill level 4 in Fighting
  1547 | D:2      | Reached XP level 4. HP: 37/37 MP: 4/4
  1751 | D:3      | Noticed a phantom
  1770 | D:3      | Killed a phantom
  1771 | D:3      | Reached XP level 5. HP: 19/43 MP: 5/5
  2074 | D:3      | Found an iron altar of Okawaru.
  2986 | D:4      | Reached skill level 5 in Fighting
  2986 | D:4      | Reached XP level 6. HP: 47/51 MP: 6/6
  3017 | D:4      | Noticed Menkaure
  3031 | D:4      | Killed Menkaure
  3057 | D:4      | Reached skill level 6 in Fighting
  3467 | D:4      | Reached XP level 7. HP: 59/59 MP: 7/7
  3664 | D:5      | Entered Level 5 of the Dungeon
  3700 | D:5      | Reached skill level 7 in Fighting
  3719 | D:5      | Slain by an ogre

Illustrated notes

Levels and vault maps discovered:
D:1:      evilmike_arrival_rings, layout_loops_cross
D:2:      layout_rooms, serial_shops, shop_statue
D:3:      layout_loops_ring, okawaru_ov_weapons_minmay
D:4:      layout_cave_pools, uniq_menkaure
D:5:      layout_basic, nicolae_dithmenos_shadow_blocks, dk_vineyard_2

Skill      XL: |  1  2  3  4  5  6  7 |
---------------+----------------------+-----
Axes           | 2 3 4 |  4.0
Fighting       | 4 5 6 7 |  7.1
Armour         | |  2.4
Shields        | |  2.4

Action                   |  1- 3 |  4- 6 |  7- 9 || total
-------------------------+-------+-------+-------++-------
Melee: War axe           |   109 |   127 |     6 ||   242
Throw: Dart              |       |     5 |     3 ||     8
  Use: Scroll            |       |     4 |       ||     4
Armor: Scale mail        |    18 |       |       ||    18
       Chain mail        |    37 |    65 |     1 ||   103
Dodge: Dodged            |    51 |    45 |     1 ||    97
Block: Buckler           |    26 |    30 |     1 ||    57

Table legend: (Time is in decaauts)
 A = Elapsed time spent in this place.
 B = Non-inter-level travel time spent in this place.
 C = Inter-level travel time spent in this place.
 D = Time resting spent in this place.
 E = Time spent auto-exploring this place.
 F = Levels seen in this place.
 G = Mean time per level.
                   A        B        C        D        E       F      G
               +--------+--------+--------+--------+--------+-----+--------+
         Total |   3813 |   3671 |    142 |     12 |   2935 |   5 |  762.6 |
       Dungeon |   3813 |   3671 |    142 |     12 |   2935 |   5 |  762.6 |
               +--------+--------+--------+--------+--------+-----+--------+

Top non-repeatable levels by time:
     D:3: 1062 daAuts
     D:4: 952 daAuts
     D:1: 888 daAuts
     D:2: 854 daAuts
     D:5: 56 daAuts
